 Dungeon Crawl Stone Soup version 0.30-a0-1164-ge08a67761e (webtiles) character file.

Game seed: 16243600410654780502

381 jimonade the Ruffian (level 6, -2/61 HPs)
             Began as a Troll Monk on Apr 29, 2023.
             Killed from afar by an orc wizard (8 damage)
             ... with a puff of flame
             ... on level 3 of the Dungeon.
             The game lasted 00:04:22 (2399 turns).

jimonade the Ruffian (Troll Monk)                   Turns: 2399, Time: 00:04:23

Health: -2/61      AC:  8    Str: 22    XL:     6   Next: 46%
Magic:  5/5        EV: 11    Int:  6    God:
Gold:   118        SH:  0    Dex: 18    Spells: 5/5 levels left

rFire   . .          .
                       - Unarmed
rCold   . . .        c - orb {light}
rNeg    . . .        r - +0 acid dragon scales
rPois   .            (helmet restricted)
rElec   .            (no cloak)
rCorr   +            (gloves unavailable)
SInv    .            (boots unavailable)
Will    .....        (no amulet) Stlth
                     j - +6 ring of dexterity
HPRegen 1.10/turn    (no ring)
MPRegen 0.09/turn

%: no passive effects
@: confused, glowing
A: large, unfitting armour, claws 3, regeneration 1, shaggy fur 1, tough skin 1
a: no special abilities


You were on level 3 of the Dungeon.
You visited 1 branch of the dungeon, and saw 3 of its levels.

You collected 118 gold pieces.

Inventory:

Missiles
 i - 20 stones (quivered)
 q - 2 curare-tipped darts
 s - 8 poisoned darts
Armour
 a - a +0 robe
 c - an orb of light (worn)
 r - +0 acid dragon scales (worn)
Magical Staves
 d - a staff of earth
Jewellery
 j - a +6 ring of dexterity (left claw)
 p - an amulet of magic regeneration
Scrolls
 e - 5 scrolls of immolation {unknown}
 k - a scroll of blinking {unknown}
 m - a scroll of fog {unknown}
 n - 2 scrolls of identify {unknown}
 o - a scroll of noise {unknown}
 t - a scroll of brand weapon {unknown}
 u - a scroll of butterflies {unknown}
Potions
 b - a potion of ambrosia
 f - 2 potions of mutation {unknown}
 g - a potion of flight {unknown}
 h - 5 potions of heal wounds {unknown}
 l - a potion of resistance {unknown}
 v - a potion of brilliance {unknown}


   Skills:
 + Level 3.1 Fighting
 + Level 0.6 Armour
 + Level 3.3 Dodging
 + Level 5.5 Unarmed Combat
 * Level 1.8 Evocations


You had 5 spell levels left.
You didn't know any spells.
Your spell library was empty.

Dungeon Overview and Level Annotations

Branches:
Dungeon (3/15)

Altars:

Shops:
D:2 :


Innate Abilities, Weirdness & Mutations

You are too large for most types of armour.
You have claws for hands.
Your natural rate of healing is unusually fast.
You are covered in fur. (AC +1)
You have tough skin. (AC +1)


Message History

You mangle the orc!!
You kill the orc!
The gnoll barely misses you.
You scratch the orc wizard but do no damage.
The orc wizard is moderately wounded.
You feel sick. The gnoll barely misses you. x2
The orc wizard gestures at you while chanting.
You resist with some effort.
You feel sick.
There is an open door here.
The orc wizard attacks as you move away!
The orc wizard closely misses you.
You feel sick.
You are no longer poisoned.
Things that are here:
a +0 short sword; a +0 whip; an orc corpse The gnoll is no longer moving quickly.
The orc wizard gestures at you while chanting.
You are confused.
The gnoll hits you with a +0 halberd!
* * * LOW HITPOINT WARNING * * *
The orc wizard hits you but does no damage.
The gnoll attacks as you move away! The gnoll barely misses you.
The gnoll misses you. The gnoll hits you with a +0 halberd.
* * * LOW HITPOINT WARNING * * *
The orc wizard hits you but does no damage.
You scratch the orc wizard.
The orc wizard is heavily wounded.
The gnoll barely misses you. The gnoll closely misses you.
The orc wizard hits you but does no damage.
You claw the gnoll!
You kill the gnoll!
The gnoll hits you from afar with a +0 halberd.
* * * LOW HITPOINT WARNING * * *
You completely miss the orc wizard.
The orc wizard is heavily wounded.
The gnoll hits you with a +0 club.
* * * LOW HITPOINT WARNING * * *
The orc wizard gestures at you while chanting.
The puff of flame hits you!
You die...

........#.###
........#...###################
..)†..........................#
≈~~....~~~~~~~~)~~~~≈≈~~~~...P#
≈≈~....~≈≈≈≈≈≈≈~≈≈~≈≈≈≈≈≈~....#
~~~....~~≈~~~~~~~~≈#####≈≈....#
...................#...#≈≈....#
###)')'#############...#≈~P...#
..#)...#........@g)#)###≈~....#
..'....'...)....o))')#.~≈~....#
..#....#........g..#.#.~≈~....#
####################)#.~≈~....#
#...)gg#.~≈~..P.#
#.g.)..#.~~~....#
##)###.#.~~~....#
#....#.#.~≈~....#
#....#.#.~≈~....#


You could see an orc wizard and 2 gnolls.

Vanquished Creatures
  2 howler monkeys (D:3)
  A hound (D:3)
  A gnoll bouda (D:3)
  An orc wizard (D:2)
  2 adders
  8 gnolls (D:3)
  4 worms
  A dart slug (D:3)
  17 orcs
  3 ball pythons
  6 endoplasms
  A giant cockroach (D:1)
  6 goblins
  7 hobgoblins
  11 jackals (D:3)
  8 kobolds
  A quokka (D:1)
  5 bats
  3 frilled lizards
  2 rats (D:1)
90 creatures vanquished.

Vanquished Creatures (others)
  A plant (D:3)
1 creature vanquished.

Grand Total: 91 creatures vanquished

Notes
Turn   | Place    | Note
-------+----------+-------------------------------------------
     0 | D:1      | jimonade the Troll Monk began the quest for the Orb.
     0 | D:1      | Reached XP level 1. HP: 22/22 MP: 0/0
   179 | D:1      | Reached XP level 2. HP: 26/29 MP: 1/1
  1047 | D:2      | Reached XP level 3. HP: 36/36 MP: 2/2
  1100 | D:2      | Reached XP level 4. HP: 37/44 MP: 3/3
  1181 | D:2      | Found Kysa's Book Boutique.
  1287 | D:2      | Reached skill level 4 in Unarmed Combat
  1726 | D:3      | Reached skill level 1 in Evocations
  2189 | D:3      | Reached XP level 5. HP: 48/52 MP: 4/4
  2221 | D:3      | Reached skill level 5 in Unarmed Combat
  2334 | D:3      | Reached XP level 6. HP: 61/61 MP: 5/5
  2399 | D:3      | Killed from afar by an orc wizard

Illustrated notes

Levels and vault maps discovered:
D:1:      moated_graveyard_arrival, layout_loops_corners,
          minmay_indecisive_spiral
D:2:      layout_loops_ring, serial_shops, nicolae_book_shop_shelving
D:3:      lemuel_castle_with_subvaults [lemuel_castle_interior_carwin_1],
          layout_rooms

Skill      XL: |  1  2  3  4  5 |
---------------+----------------+-----
Dodging        | 3 |  3.3
Unarmed Combat | 4 5 |  5.5
Evocations     | 1 |  1.8
Fighting       | 3 |  3.1
Armour         | |  0.6

Action                     |  1- 3 |  4- 6 || total
---------------------------+-------+-------++-------
  Melee: Unarmed           |    77 |   135 ||   212
 Armour: Robe              |    34 |    11 ||    45
         Acid dragon scale |       |    40 ||    40
  Dodge: Dodged            |    38 |    82 ||   120

Table legend: (Time is in decaauts)
 A = Elapsed time spent in this place.
 B = Non-inter-level travel time spent in this place.
 C = Inter-level travel time spent in this place.
 D = Time resting spent in this place.
 E = Time spent auto-exploring this place.
 F = Levels seen in this place.
 G = Mean time per level.
                   A        B        C        D        E       F      G
               +--------+--------+--------+--------+--------+-----+--------+
         Total |   2384 |   2176 |    208 |      0 |   1609 |   3 |  794.7 |
       Dungeon |   2384 |   2176 |    208 |      0 |   1609 |   3 |  794.7 |
               +--------+--------+--------+--------+--------+-----+--------+

Top non-repeatable levels by time:
     D:1: 1105 daAuts
     D:2: 696 daAuts
     D:3: 581 daAuts
